 Dungeon Crawl Stone Soup version 0.26-a0-507-g0ae5976 (webtiles) character file.

Game seed: 1321783744028397974

291 smeego the Slasher (level 6, -2/43 HPs)
             Began as an Octopode Chaos Knight on Aug 9, 2020.
             Was a Plaything of Xom.
             Killed by nerve-wracking pain
             ... invoked by Menkaure
              (11 damage)
             ... on level 4 of the Dungeon.
             The game lasted 00:02:56 (2886 turns).

smeego the Slasher (Octopode Chaos Knight)          Turns: 2886, Time: 00:02:57

Health: -2/43      AC:  1    Str: 11    XL:     6   Next: 32%
Magic:  6/6        EV: 12    Int: 14    God:    Xom [*.....]
Gold:   125        SH:  7    Dex: 14    Spells: 5/5 levels left

rFire    + . .     SeeInvis .   a - +0 falchion (chaos)
rCold    . . .     Faith    .   b - +0 kite shield
rNeg     . . .     Spirit   .   (helmet restricted)
rPois    .         Reflect  .   (no amulet)
rElec    .         Harm     .   c - ring of protection from fire
rCorr    .                      (no ring)
MR       .....                  (no ring)
Stlth    ++........             (no ring)
HPRegen  0.14/turn              (no ring)
MPRegen  0.10/turn              (no ring)
                                (no ring)
                                (no ring)

@: mighty
A: almost no armour, stealthy swim, amphibious, 8 rings, constrict 8, camouflage
1, gelatinous body 1
a: Renounce Religion


You were on level 4 of the Dungeon.
You worshipped Xom.
You were a special plaything of Xom.
You visited 1 branch of the dungeon, and saw 4 of its levels.

You collected 125 gold pieces.

Inventory:

Hand Weapons
 a - a +0 falchion of chaos (weapon)
Armour
 b - a +0 kite shield (worn)
Jewellery
 c - a ring of protection from fire (left tentacle)
Scrolls
 d - a scroll of remove curse {unknown}
 e - a scroll of fear {unknown}
 f - a scroll of teleportation
 g - a scroll of enchant weapon {unknown}
 i - a scroll of noise {unknown}
Potions
 j - a potion of ambrosia {unknown}
 k - a potion of lignification {unknown}
 l - a potion of degeneration {unknown}


   Skills:
 + Level 3.9 Fighting
 * Level 4.7 Long Blades
 + Level 3.4 Dodging
 + Level 1.4 Shields
 + Level 2.3 Unarmed Combat


You had 5 spell levels left.
You didn't know any spells.
Your spell library contained the following spells:

 Spells                   Type           Power        Failure   Level
 Corpse Rot               Necr/Air       N/A          94%         2
 Stone Arrow              Conj/Erth      #.....       99%         3
 Summon Forest            Summ/Tloc      #.........   100%        5
 Eringya's Noxious Bog    Tmut/Pois      #.........   100%        6
 Hydra Form               Tmut           #.........   100%        6
 Summon Hydra             Summ           #.........   100%        7


Dungeon Overview and Level Annotations

Branches:
Dungeon (4/15)
 Temple: D:4-7

Altars:
Kikubaaqudgha
Yredelemnul

Annotations:
D:4 1 transporter, Menkaure


Innate Abilities, Weirdness & Mutations

You cannot wear most types of armour.
You are very stealthy in the water. (Stealth+)
You are amphibious.
You can wear up to eight rings at the same time.
You can use your tentacles to constrict eight enemies at once.
Your skin changes colour to match your surroundings (Stealth+).
Your rubbery body absorbs attacks. (AC +1, EV +1)


Message History

You release your grip on something.
Something barely misses you. The shadow imp gestures at you.
Pain shoots through your body!
A shower of butterflies erupts from you!
Found a robe.
You swap places.
The shadow imp completely misses your butterfly.
Something calls on the powers of darkness!
Your body is wracked with pain!
* * * LOW HITPOINT WARNING * * *
The shadow imp hits your butterfly.
Your butterfly dies!
Found a bloodstained falchion. "Fight to survive, mortal."
The centaur zombie completely misses your butterfly.
The shadow imp hits your butterfly.
Your butterfly dies!
Pain shoots through your body!
You die...
Xom roars with laughter!

.# .# #.#############.#
.. .................#
.. ..#############..###
.# #.#©..........#.....
.# #.#....... ..)#..##
.# #.#..###.###.$#...#
.####.#..#8#.#8#@a#.#.#
#####
†.....#.....b5l..[#...#
###≈≈≈≈
..#..§#.....b5{b.W#©..#
##≈≈≈...
..##..#......Z..b[#..##
##≈≈.....
..###.#..#8#.#8#._#.##
#≈≈...... ..#
#.#..###.###.$#.#
##≈..#####
..###.#..........[#.#
#≈≈..#.)..
......#....!......#.#
#≈..†#(#.#
#.###†#############.#
#≈..#....#


You could see a phantom (summoned), a worker ant (summoned), 2 shadow imps, a
centaur zombie and a frilled lizard (summoned).

Vanquished Creatures
  A hound (D:4)
  Jessica (D:3)
  2 orc wizards
  5 adders
  An ooze (D:2)
  4 worms
  2 dart slugs
  4 leopard geckos
  18 orcs
  4 giant cockroaches
  7 goblins
  10 hobgoblins
  7 jackals
  6 kobolds
  3 quokkas
  4 ball pythons
  4 bats
  4 frilled lizards
  9 rats
96 creatures vanquished.

Vanquished Creatures (others)
  5 toadstools (D:1)
5 creatures vanquished.

Grand Total: 101 creatures vanquished

Notes
Turn   | Place    | Note
-------+----------+-------------------------------------------
     0 | D:1      | smeego the Octopode Chaos Knight began the quest for the
                  | Orb.
     0 | D:1      | Reached XP level 1. HP: 16/16 MP: 1/1
    17 | D:1      | XOM: divination: magic mapping
   135 | D:1      | Reached XP level 2. HP: 15/21 MP: 2/2
   763 | D:2      | Reached XP level 3. HP: 26/26 MP: 3/3
   766 | D:2      | Reached skill level 1 in Unarmed Combat
  1002 | D:2      | Reached XP level 4. HP: 20/31 MP: 4/4
  1043 | D:2      | XOM: divination: detect items
  1096 | D:2      | Reached skill level 4 in Long Blades
  1101 | D:2      | XOM: silly message
  1417 | D:2      | XOM: silly message
  1551 | D:3      | Noticed Jessica
  1553 | D:3      | Reached XP level 5. HP: 36/36 MP: 5/5
  1562 | D:3      | Killed Jessica
  1753 | D:3      | XOM: divination: detect items
  1771 | D:3      | XOM: divination: magic mapping
  2107 | D:3      | Reached skill level 1 in Shields
  2185 | D:3      | XOM: noise
  2265 | D:3      | Reached XP level 6. HP: 36/43 MP: 6/6
  2850 | D:4      | Found a transporter.
  2858 | D:4      | Found a transporter.
  2878 | D:4      | Noticed Menkaure
  2878 | D:4      | Found an ancient bone altar of Kikubaaqudgha.
  2878 | D:4      | Found a basalt altar of Yredelemnul.
  2884 | D:4      | XOM: butterfly on damage
  2886 | D:4      | XOM: summons 3 hostile shadow creatures
  2886 | D:4      | Killed from afar by Menkaure

Illustrated notes

Levels and vault maps discovered:
D:1:      ldierk_walled_garden, layout_loops_ring, skrybe_limestone_x
D:2:      layout_basic
D:3:      layout_rooms, uniq_jessica
D:4:      layout_loops_ring, gammafunk_temple_of_torment,
          minmay_temple_entry_sparse_star, enter_ossuary_4, kennysheep_potato

Skill      XL: |  1  2  3  4  5 |
---------------+----------------+-----
Unarmed Combat | 1 2 |  2.3
Dodging        | 3 |  3.4
Long Blades    | 4 |  4.7
Shields        | 1 |  1.4
Fighting       | |  3.9

Action                   |  1- 3 |  4- 6 || total
-------------------------+-------+-------++-------
Melee: Falchion          |    52 |   137 ||   189
       Constrict         |    17 |    41 ||    58
       Tentacles         |     4 |    25 ||    29
  Use: Potion            |       |     3 ||     3
       Scroll            |       |     3 ||     3
 Stab: Sleeping          |     3 |     4 ||     7
       Paralysed         |       |     2 ||     2
       Distracted        |       |     1 ||     1
Armor: Skin              |     7 |     4 ||    11
Dodge: Dodged            |    48 |    56 ||   104
Block: Kite shield       |       |    42 ||    42
       Rpst.: Falchion   |    14 |    15 ||    29

Table legend: (Time is in decaauts)
 A = Elapsed time spent in this place.
 B = Non-inter-level travel time spent in this place.
 C = Inter-level travel time spent in this place.
 D = Time resting spent in this place.
 E = Time spent auto-exploring this place.
 F = Levels seen in this place.
 G = Mean time per level.
                   A        B        C        D        E       F      G
               +--------+--------+--------+--------+--------+-----+--------+
         Total |   2916 |   2841 |     75 |    584 |   1697 |   4 |  729.0 |
       Dungeon |   2916 |   2841 |     75 |    584 |   1697 |   4 |  729.0 |
               +--------+--------+--------+--------+--------+-----+--------+

Top non-repeatable levels by time:
     D:2: 1247 daAuts
     D:1: 759 daAuts
     D:3: 678 daAuts
     D:4: 229 daAuts
